 Dungeon Crawl Stone Soup version 0.27-a0-686-gaed091b46b (webtiles) character file.

Game seed: 10167908823429716994

58 sizableburger the Shooter (level 3, 0/28 HPs)
             Began as a Mummy Hunter on Mar 20, 2021.
             Slain by an adder (1 damage)
             ... on level 2 of the Dungeon.
             The game lasted 00:03:26 (2792 turns).

sizableburger the Shooter (Mummy Hunter)            Turns: 2792, Time: 00:03:27

Health: 0/28       AC:  3    Str: 16    XL:     3   Next: 75%
Magic:  3/3        EV: 11    Int: 10    God:
Gold:   117        SH:  0    Dex: 12    Spells: 2/2 levels left

rFire    x . .     SeeInvis .   a - +1 shortbow
rCold    + . .     Faith    .   (shield currently unavailable)
rNeg     + + +     Spirit   .   c - +0 leather armour
rPois    ∞         Reflect  .   (no helmet)
rElec    .         Harm     .   (no cloak)
rCorr    .         Rampage  .   (no gloves)
Will     .....                  (no boots)
Stlth    +.........             (no amulet)
HPRegen  0.09/turn              (no ring)
MPRegen  0.08/turn              (no ring)

@: no status effects
A: cold resistance 1, negative energy resistance 3, torment resistance 2,
unbreathing 1, heat vulnerability 1, no potions
a: no special abilities


You were on level 2 of the Dungeon.
You visited 1 branch of the dungeon, and saw 2 of its levels.

You collected 117 gold pieces.

Inventory:

Hand Weapons
 a - a +1 shortbow (weapon)
 e - a +0 dagger
Missiles
 d - 31 arrows (quivered ammo)
Armour
 c - a +0 leather armour (worn)
Jewellery
 h - a ring of wizardry
Scrolls
 b - 2 scrolls of noise {unknown}
 f - a scroll of enchant armour {unknown}
 g - a scroll of identify {unknown}
 i - 2 scrolls of amnesia {unknown}


   Skills:
 + Level 2.6 Fighting
 + Level 1.1 Short Blades
 + Level 3.6 Bows
 + Level 1.2 Armour
 - Level 1.5 Dodging
 - Level 0.7 Stealth


You had 2 spell levels left.
You didn't know any spells.
Your spell library contained the following spells:

 Spells                   Type           Power      Damage    Failure   Level
 Corona                   Hex            0%         N/A       43%         1
 Ensorcelled Hibernation  Hex/Ice        0%         N/A       56%         2
 Confusing Touch          Hex            0%         N/A       80%         3
 Dazzling Flash           Conj/Hex       0%         N/A       80%         3
 Tukima's Dance           Hex            0%         N/A       80%         3


Dungeon Overview and Level Annotations

Branches:
Dungeon (2/15)

Altars:

Shops:
D:1 (*=


Innate Abilities, Weirdness & Mutations

You are immune to poison.
Your flesh is cold resistant. (rC+)
You are immune to negative energy. (rN+++)
You are immune to unholy pain and torment.
You can survive without breathing.
You are vulnerable to heat. (rF-)
You do not drink.


Message History

Aim: an adder (severely wounded, 42% to hit)
You shoot an arrow. The arrow closely misses the adder.
The adder bites you. x2
* * * LOW HITPOINT WARNING * * *
Fire: 37 arrows
Press: ? - help, Q - select action Shift-Dir - straight line, f/p - adder
Aim: an adder (severely wounded, 42% to hit)
You shoot an arrow. The arrow completely misses the adder.
The adder completely misses you.
Unknown command.
Fire: 36 arrows
Press: ? - help, Q - select action Shift-Dir - straight line, f/p - adder
Aim: an adder (severely wounded, 42% to hit)
You shoot an arrow. The arrow barely misses the adder.
The adder closely misses you. The adder barely misses you.
Unknown command.
Fire: 35 arrows
Press: ? - help, Q - select action Shift-Dir - straight line, f/p - adder
Aim: an adder (severely wounded, 42% to hit)
You shoot an arrow. The arrow closely misses the adder.
The adder bites you.
* * * LOW HITPOINT WARNING * * *
Fire: 34 arrows
Press: ? - help, Q - select action Shift-Dir - straight line, f/p - adder
Aim: an adder (severely wounded, 42% to hit)
You shoot an arrow. The arrow completely misses the adder.
The adder closely misses you. The adder bites you.
* * * LOW HITPOINT WARNING * * *
Fire: 33 arrows
Press: ? - help, Q - select action Shift-Dir - straight line, f/p - adder
Aim: an adder (severely wounded, 42% to hit)
You shoot an arrow. The arrow closely misses the adder.
The adder barely misses you.
Unknown command.
Fire: 32 arrows
Press: ? - help, Q - select action Shift-Dir - straight line, f/p - adder
Aim: an adder (severely wounded, 42% to hit)
You shoot an arrow. The arrow closely misses the adder.
The adder bites you.
You die...

### #.### #.... #.### #.# #
###################.# #
#...................###
###.################....
#......@S(# #.### ......
#.#.......# #.# .<.....
#.........# #.###
.......###+######### #....
........#........# #####
........#........#
........#........###
........#...........
....................#########


You could see an adder.

Vanquished Creatures
  2 adders (D:2)
  A dart slug (D:1)
  A leopard gecko (D:1)
  3 bats (D:2)
  5 giant cockroaches
  4 goblins (D:2)
  6 hobgoblins
  A quokka (D:1)
  A ball python (D:1)
  2 frilled lizards
  3 kobolds (D:1)
  7 rats
36 creatures vanquished.

Notes
Turn   | Place    | Note
-------+----------+-------------------------------------------
     0 | D:1      | sizableburger the Mummy Hunter began the quest for the Orb.
     0 | D:1      | Reached XP level 1. HP: 16/16 MP: 1/1
   254 | D:1      | Found Joalu's Weapon Boutique.
   405 | D:1      | Reached XP level 2. HP: 19/22 MP: 2/2
   532 | D:1      | Found Hyma's Assorted Antiques.
   704 | D:1      | Found Izem's Jewellery Shoppe.
  1037 | D:1      | Found Zegul's Distillery.
  1770 | D:2      | Reached skill level 1 in Armour
  1770 | D:2      | Reached XP level 3. HP: 28/28 MP: 3/3
  2116 | D:2      | Reached skill level 1 in Short Blades
  2790 | D:2      | HP: 1/28 [adder (4)]
  2792 | D:2      | Slain by an adder

Illustrated notes

Levels and vault maps discovered:
D:1:      nicolae_arrival_somewhat_less_tricky_arrival, layout_basic,
          serial_shops, shop, nicolae_shop_trees, shop, nicolae_shop_statue_plus
D:2:      layout_basic, minivault_19

Skill      XL: |  1  2  3 |
---------------+----------+-----
Armour         | 1 |  1.2
Short Blades   | 1 |  1.1
Fighting       | |  2.6
Bows           | |  3.6
Dodging        | |  1.5
Stealth        | |  0.7

Action                   || total
-------------------------++-------
Melee: Dagger            ||   133
       Short sword       ||     4
 Fire: Shortbow          ||    43
 Stab: Sleeping          ||     2
Armor: Leather armour    ||    36
Dodge: Dodged            ||   102

Table legend: (Time is in decaauts)
 A = Elapsed time spent in this place.
 B = Non-inter-level travel time spent in this place.
 C = Inter-level travel time spent in this place.
 D = Time resting spent in this place.
 E = Time spent auto-exploring this place.
 F = Levels seen in this place.
 G = Mean time per level.
                   A        B        C        D        E       F      G
               +--------+--------+--------+--------+--------+-----+--------+
         Total |   2786 |   2760 |     26 |    804 |   1601 |   2 | 1393.0 |
       Dungeon |   2786 |   2760 |     26 |    804 |   1601 |   2 | 1393.0 |
               +--------+--------+--------+--------+--------+-----+--------+

Top non-repeatable levels by time:
     D:1: 1573 daAuts
     D:2: 1213 daAuts
